 Dungeon Crawl Stone Soup version 0.28-a0-938-gbc3f381ebc (webtiles) character file.

Game seed: 8184523406759336820

2041 porpoise the Thaumaturge (level 9, -2/48 HPs)
             Began as a Deep Elf Conjurer on Nov 29, 2021.
             Was an Initiate of Vehumet.
             Shot with a sling bullet by Joseph (17 damage)
             ... on level 7 of the Dungeon.
             The game lasted 00:19:54 (9141 turns).

porpoise the Thaumaturge (Deep Elf Conjurer)        Turns: 9141, Time: 00:19:54

Health: -2/48      AC:  5    Str:  6    XL:     9   Next: 4%
Magic:  16/24      EV: 13    Int: 25    God:    Vehumet [......]
Gold:   241        SH:  5    Dex: 19    Spells: 16/27 levels left

rFire   + . .      SeeInvis .   b - +1 hunting sling
rCold   + + .      Faith    .   (no shield)
rNeg    . . .      Spirit   .   k - +1 robe {rC+ rF+}
rPois   .          Reflect  +   (no helmet)
rElec   .          Harm     .   (no cloak)
rCorr   .          Rampage  .   x - +1 pair of gloves
Will    .....                   (no boots)
Stlth   +++.......              i - amulet of reflection
HPRegen 0.16/turn               n - +6 ring of dexterity
MPRegen 0.19/turn               e - ring of protection from cold

@: no status effects
A: no striking features
a: Renounce Religion


You were on level 7 of the Dungeon.
You worshipped Vehumet.
Vehumet was noncommittal.
You visited 2 branches of the dungeon, and saw 8 of its levels.

You collected 241 gold pieces.

Inventory:

Hand Weapons
 a - a +2 dagger of venom
 b - a +1 hunting sling (weapon)
 A - a +1 short sword of venom
Missiles
 h - 223 stones (quivered ammo)
 m - 3 javelins
 y - 7 poisoned darts
 F - 6 boomerangs
Armour
 k - a +1 robe of resistance (worn)
 x - a +1 pair of gloves (worn)
 C - the +1 robe of the Big Bang {rN+ Str+3 Int+3}
   (You found it on level 5 of the Dungeon)

   Str:       It affects your strength (+3).
   Int:       It affects your intelligence (+3).
   rN:        It protects you from negative energy.
 G - a +1 robe of willpower
Magical Staves
 s - a staff of death
Jewellery
 c - a ring of protection from fire
 e - a ring of protection from cold (right hand)
 g - a +6 ring of strength
 i - an amulet of reflection (around neck)
 n - a +6 ring of dexterity (left hand)
 p - an amulet of faith
 w - a ring of ice
 E - a ring of fire
Wands
 D - a wand of flame (8)
Scrolls
 o - 2 scrolls of enchant armour
 t - 3 scrolls of noise
 u - 3 scrolls of teleportation
 v - a scroll of blinking
Potions
 d - 8 potions of curing
 f - a potion of haste
 j - 2 potions of attraction
 l - a potion of flight {unknown}
 q - a potion of ambrosia
 r - 2 potions of lignification
 z - 2 potions of heal wounds {unknown}
 B - a potion of might


   Skills:
 * Level 2.2 Fighting
 - Level 2.4 Dodging
 + Level 3.7 Stealth
 * Level 9.6 Spellcasting
 - Level 7.0 Conjurations
 - Level 7.0 Hexes
 - Level 5.0 Translocations


You had 16 spell levels left.
You knew the following spells:

 Your Spells              Type           Power      Damage    Failure   Level
a - Magic Dart            Conj           100%       1d8       1%          1
b - Searing Ray           Conj           94%        2d7       1%          2
c - Fulminant Prism       Conj/Hex       23%        3d13      3%          4
d - Iskenderun's Mystic   Conj/Tloc      42%        2d10      4%          4

Your spell library contained the following spells:

 Spells                   Type           Power      Damage    Failure   Level
 Dazzling Flash           Conj/Hex       94%        N/A       1%          3
 Freeze                   Ice            48%        1d7       5%          1
 Sting                    Tmut/Pois      48%        1d5       5%          1
 Mephitic Cloud           Conj/Pois/Air  23%        N/A       6%          3
 Call Imp                 Summ           12%        N/A       8%          2
 Poisonous Vapours        Pois/Air       24%        N/A       8%          2
 Hailstorm                Conj/Ice       29%        3d8       12%         4
 Frozen Ramparts          Ice            24%        1d4       16%         3
 Ice Form                 Ice/Tmut       12%        N/A       45%         4
 Olgreb's Toxic Radiance  Pois           12%        N/A       45%         4
 Summon Ice Beast         Ice/Summ       12%        N/A       45%         4


Dungeon Overview and Level Annotations

Branches:
Dungeon (7/15)             Temple (1/1) D:6

Altars:
Ashenzari
Gozag
Hepliaklqana
Kikubaaqudgha
Uskayaw
Vehumet
Xom
The Shining One

Annotations:
D:4 3 runed translucent doors, ytrimaz's ghost, amateur DsFi
D:6 exclusion: downstairs
D:7 Joseph


Message History

Joseph unwields a +0 quarterstaff.
Joseph wields a +0 hunting sling.
Joseph shoots a sling bullet.
The sling bullet hits you!
Casting: Searing Ray (safe; 1% risk of failure)
Confirm with . or Enter, or press ? or * to list all spells.
Aiming: Fulminant Prism (dangerous; 3% risk of failure)
Press: ? - help, Dir - move target, p - Joseph Out of range.
Okay, then.
Unknown command.
Joseph shoots a sling bullet.
The sling bullet hits you.
Casting: Fulminant Prism (dangerous; 3% risk of failure)
Confirm with . or Enter, or press ? or * to list all spells.
Aiming: Fulminant Prism (dangerous; 3% risk of failure)
Press: ? - help, Dir - move target, p - Joseph You conjure a prism of explosive energy!
A fulminant prism comes into view.
Joseph shoots a sling bullet.
You reflect the sling bullet off an invisible shield around you!
The sling bullet hits Joseph!!
Unknown command.
Casting: Fulminant Prism (dangerous; 3% risk of failure)
Confirm with . or Enter, or press ? or * to list all spells.
Aiming: Searing Ray (safe; 1% risk of failure)
Press: ? - help, Shift-Dir - straight line The searing ray misses Joseph. (Press . to maintain the ray.)
Your fulminant prism crackles loudly.
Unknown command.
The searing ray hits Joseph!
Joseph is heavily wounded.
Joseph shoots a sling bullet.
The sling bullet hits you!!
Your fulminant prism explodes!
The blast of energy engulfs Joseph!
Joseph is severely wounded.
You hear a shout! x3
The searing ray hits Joseph.
Joseph is severely wounded.
Joseph tries to grin evilly.
Joseph shoots a sling bullet.
The sling bullet hits you!
You die...

............gg.
.K....#...g.g..
.....K...######
..........###
........#.(.#
.......####.#
..(.... #@#
..... #.##
..... ##@# ....
#.####### ##..
##.......##
#.........##
##.........#
#.........#
#.>.......#
#..........#
##.........#


You could see Joseph.

Vanquished Creatures
  Pikel (D:5)
  Sigmund (D:3)
  Edmund (D:4)
  A water moccasin (D:6)
  A black bear (D:3)
  2 necrophages
  An ogre (D:4)
  A phantom (D:5)
  A lemure (D:5)
  A bullfrog (D:6)
  A scorpion (D:5)
  A water moccasin zombie (D:6)
  A centaur zombie (D:6)
  3 bullfrog zombies
  A jelly (D:2)
  4 hounds
  A bullfrog skeleton (D:7)
  Jessica (D:2)
  Terence (D:2)
  Natasha (thrice) (D:4)
  2 orc wizards
  A hound skeleton (D:5)
  3 adders
  A shadow imp (D:5)
  A white imp (D:6)
  An ufetubus (D:5)
  An adder skeleton (D:4)
  2 dart slugs (D:1)
  18 orcs
  9 ball pythons
  3 bats
  2 endoplasms
  3 giant cockroaches
  9 goblins
  8 hobgoblins
  4 jackals
  8 kobolds
  2 quokkas
  3 rats
109 creatures vanquished.

Vanquished Creatures (others)
  5 fulminant prisms
5 creatures vanquished.

Grand Total: 114 creatures vanquished

Notes
Turn   | Place    | Note
-------+----------+-------------------------------------------
     0 | D:1      | porpoise the Deep Elf Conjurer began the quest for the Orb.
     0 | D:1      | Reached XP level 1. HP: 10/10 MP: 6/6
   211 | D:1      | Reached XP level 2. HP: 15/15 MP: 5/8
   241 | D:1      | Learned a level 2 spell: Searing Ray
   678 | D:1      | Found a faded altar of an unknown god.
   826 | D:1      | Reached skill level 4 in Spellcasting
  1412 | D:2      | Reached skill level 5 in Conjurations
  1412 | D:2      | Reached XP level 3. HP: 19/19 MP: 7/10
  1837 | D:2      | Noticed Jessica
  1841 | D:2      | Killed Jessica
  1842 | D:2      | Reached XP level 4. HP: 24/24 MP: 7/12
  2136 | D:3      | Noticed Sigmund
  2138 | D:3      | Noticed Terence
  2145 | D:2      | Killed Terence
  2146 | D:2      | Reached skill level 5 in Spellcasting
  2575 | D:3      | Noticed a black bear
  2587 | D:3      | Learned a level 4 spell: Fulminant Prism
  2592 | D:3      | Learned a level 4 spell: Iskenderun's Mystic Blast
  2654 | D:3      | Killed Sigmund
  2655 | D:3      | Reached skill level 6 in Spellcasting
  2655 | D:3      | Reached XP level 5. HP: 18/28 MP: 6/15
  2655 | D:3      | Reached XP level 6. HP: 21/32 MP: 6/17
  3155 | D:3      | Reached skill level 7 in Spellcasting
  3927 | D:4      | Noticed Edmund
  3936 | D:4      | Killed Edmund
  3937 | D:4      | Reached skill level 5 in Hexes
  3937 | D:4      | Reached skill level 1 in Translocations
  3937 | D:4      | Reached XP level 7. HP: 11/36 MP: 7/19
  4835 | D:4      | Found a runed translucent gate.
  4835 | D:4      | Found a runed translucent gate.
  4835 | D:4      | Found a runed translucent gate.
  4841 | D:4      | Noticed ytrimaz's ghost (amateur DsFi)
  5202 | D:4      | Noticed Natasha
  5206 | D:4      | Killed Natasha
  5551 | D:4      | Noticed Natasha
  5554 | D:4      | Killed Natasha
  5635 | D:5      | Entered Level 5 of the Dungeon
  5659 | D:4      | Noticed Natasha
  5665 | D:4      | Killed Natasha
  7003 | D:5      | Found a hazy altar of Hepliaklqana.
  7082 | D:5      | Found a shimmering altar of Xom.
  7108 | D:5      | Reached XP level 8. HP: 41/41 MP: 13/20
  7419 | D:5      | Noticed Pikel
  7423 | D:5      | Killed Pikel
  7424 | D:5      | Reached skill level 5 in Translocations
  7424 | D:5      | Reached skill level 8 in Spellcasting
  7723 | D:5      | Identified the +1 robe of the Big Bang {rN+ Str+3 Int+3}
  7845 | D:6      | Reached skill level 1 in Fighting
  7845 | D:6      | Reached skill level 9 in Spellcasting
  8141 | D:6      | Found a staircase to the Ecumenical Temple.
  8175 | Temple   | Entered the Ecumenical Temple
  8297 | Temple   | Became a worshipper of Vehumet
  8608 | D:6      | Reached XP level 9. HP: 45/48 MP: 16/24
  8906 | D:7      | Noticed Joseph
  9141 | D:7      | Shot with a sling bullet by Joseph

Illustrated notes

Levels and vault maps discovered:
D:1:      dpeg_arrival_morbid_curiosity, layout_basic,
          shapermc_ecumenical_altar_starsandcircs
D:2:      cheibrodos_old_hovel, layout_basic, uniq_jessica
D:3:      layout_basic, uniq_sigmund, uniq_terence
D:4:      layout_basic, gammafunk_ghost_necromancy, uniq_edmund, uniq_natasha
D:5:      layout_loops_corners, nzn_hepliaklqana_mist_gate,
          mainiacjoe_overflow_catwalk, uniq_pikel
D:6:      layout_loops_ring, minmay_temple_entry_junction
D:7:      layout_rooms, grunt_decor_resistance, uniq_joseph
Temple:   mainiacjoe_temple_big_plus

Skill      XL: |  1  2  3  4  5  6  7  8 |
---------------+-------------------------+-----
Spellcasting   | 4 6 7 9 |  9.6
Conjurations   | 5 7 |  7.0
Hexes          | 3 5 7 |  7.0
Translocations | 1 4 5 |  5.0
Fighting       | 2 |  2.2
Stealth        | 3 |  3.7
Dodging        | |  2.4

Action                   |  1- 3 |  4- 6 |  7- 9 || total
-------------------------+-------+-------+-------++-------
 Fire: Hunting sling     |     2 |    21 |    41 ||    64
 Cast: Magic Dart        |    35 |    15 |    16 ||    66
       Searing Ray       |     5 |    15 |    45 ||    65
       Fulminant Prism   |       |     2 |     3 ||     5
       Iskenderun's Myst |       |       |     4 ||     4
  Use: Scroll            |       |     3 |     9 ||    12
Armor: Robe              |     2 |     3 |     7 ||    12
Dodge: Dodged            |     1 |    12 |    21 ||    34
Block: Other             |       |     1 |     7 ||     8
       Reflection        |       |       |     1 ||     1

Table legend: (Time is in decaauts)
 A = Elapsed time spent in this place.
 B = Non-inter-level travel time spent in this place.
 C = Inter-level travel time spent in this place.
 D = Time resting spent in this place.
 E = Time spent auto-exploring this place.
 F = Levels seen in this place.
 G = Mean time per level.
                   A        B        C        D        E       F      G
               +--------+--------+--------+--------+--------+-----+--------+
         Total |   9161 |   8756 |    405 |   4117 |   3677 |   8 | 1145.1 |
       Dungeon |   9008 |   8633 |    375 |   4117 |   3565 |   7 | 1286.9 |
        Temple |    152 |    122 |     30 |      0 |    112 |   1 |  152.0 |
               +--------+--------+--------+--------+--------+-----+--------+

Top non-repeatable levels by time:
     D:5: 1997 daAuts
     D:4: 1947 daAuts
     D:3: 1373 daAuts
     D:1: 1361 daAuts
     D:2: 1176 daAuts
     D:6: 962 daAuts
     D:7: 189 daAuts
  Temple: 152 daAuts
